 Dungeon Crawl Stone Soup version 0.18.1-5-g4a78601 (webtiles) character file.

528 jacquesderrida the Poker (level 7, 48/50 HPs)
             Began as a Demonspawn Skald on May 14, 2016.
             Quit the game on level 5 of the Dungeon.
             The game lasted 00:06:41 (1358 turns).

jacquesderrida the Poker (Demonspawn Skald)         Turns: 1358, Time: 00:06:42

Health: 48/50      AC:  8    Str: 16    XL:     7   Next: 3%
Magic:  10/10      EV: 11    Int: 14    God:
Gold:   104        SH:  0    Dex: 16    Spells: 3 memorised, 3 levels left

rFire  . . .     SeeInvis .     e - +1 trident
rCold  x . .     Gourm    .     s - +2 robe of Wirghulum {rPois rC- Str+4 Slay+3}
rNeg   . . .     Faith    .     (no shield)
rPois  +         Spirit   .     (no helmet)
rElec  .         Dismiss  .     t - +0 cloak
rCorr  .         Reflect  .     (no gloves)
SustAt .         Harm     .     l - +1 pair of boots
MR     .....                    (no amulet)
Stlth  ++++......               (no ring)
                                u - +1 ring of protection

@: not resistant to hostile enchantments, stealthy
A: thin skeletal structure 1, nightstalker 2, rot immunity
a: no special abilities


You were on level 5 of the Dungeon.
You were hungry.

You visited 1 branch of the dungeon, and saw 5 of its levels.

You collected 104 gold pieces.

Inventory:

Hand Weapons
 e - a +1 trident (weapon)
Armour
 b - a +0 leather armour
 l - a +1 pair of boots (worn)
 s - the +2 robe of Wirghulum (worn) {rPois rC- Str+4 Slay+3}
   (You found it on level 4 of the Dungeon)

   It affects your strength (+4).
   It affects your accuracy and damage with ranged weapons and melee attacks
   (+3).
   It makes you vulnerable to cold.
   It protects you from poison.
 t - a +0 cloak (worn)
Rods
 o - a +0 lightning rod (11/11)
   (You found it on level 4 of the Dungeon)
Jewellery
 u - a +1 ring of protection (left hand)
Wands
 r - a wand of digging (24/24)
Scrolls
 g - a scroll of recharging
 i - a scroll of enchant weapon
 m - 3 scrolls of remove curse
Potions
 h - a potion of lignification {unknown}
 k - 4 potions of curing
 p - 2 potions of cancellation {unknown}
 w - a potion of agility
 z - a potion of invisibility
Books
 c - a book of Battle

   Spells                             Type                      Level
   a - Infusion                       Charms                       1
   b - Shroud of Golubria             Charms/Translocation         2
   c - Song of Slaying                Charms                       2
   d - Spectral Weapon                Hexes/Charms                 3
   e - Regeneration                   Charms/Necromancy            3
Comestibles
 d - 3 bread rations
 f - a meat ration
 q - a beef jerky


   Skills:
 - Level 2.0 Fighting
 + Level 5.5 Polearms
 - Level 0.8 Armour
 - Level 0.8 Dodging
 - Level 2.0 Spellcasting
 + Level 4.1 Charms
 - Level 3.1 Necromancy


You had 3 spell levels left.
You knew the following spells:

 Your Spells              Type           Power        Failure   Level  Hunger
a - Infusion              Chrm           ##..         4%          1    ##.....
b - Spectral Weapon       Hex/Chrm       #.......     30%         3    ####...
r - Regeneration          Chrm/Necr      ##........   17%         3    ####...


Dungeon Overview and Level Annotations

Branches:
Dungeon (5/15)
 Temple: D:4-7

Altars:
Pakellas

Annotations:
D:4 Blork the orc


Innate Abilities, Weirdness & Mutations

You have a somewhat thin skeletal structure (Dex +2, Stealth).
You are significantly more attuned to the shadows.
You are immune to rotting.


Message History

A centaur skeleton comes into view.
You are feeling hungry.
There is an open door here.
You hit the centaur skeleton.
The centaur skeleton closely misses you.
The centaur skeleton hits you.
You hit the centaur skeleton.
The centaur skeleton hits you but does no damage.
You hit the centaur skeleton.
The centaur skeleton hits you but does no damage.
You hit the centaur skeleton.
The centaur skeleton hits you but does no damage. x2
You puncture the centaur skeleton!
You destroy the centaur skeleton!
You have reached level 7!
Your demonic ancestry asserts itself...
You feel immune to rotting.
Eat which item? (? for menu, Esc to quit)
You can't eat that!
Are you sure you want to abandon this character and quit the game? (Confirm with "yes".)

######## #......#
+......# #......#
#.@....# #......#
#......# ####
#......#######
#..######.............#
#..##...#.............#
#...'...###'###.......#
#...#.........'.......#
#...#.........#.......#


There were no monsters in sight!

Vanquished Creatures
  2 ogres (D:5)
  A scorpion (D:4)
  A crimson imp (D:5)
  A jelly (D:5)
  A giant frog skeleton (D:5)
  2 orc priests
  2 centaur skeletons
  Jessica (D:3)
  A worker ant (D:4)
  An adder (D:4)
  An adder skeleton (D:4)
  A dart slug (D:2)
  6 orcs
  A giant cockroach (D:1)
  2 goblins
  3 hobgoblins
  6 jackals
  3 kobolds
  2 quokkas (D:5)
  3 bats
  2 giant gecko zombies (D:5)
  2 rats
45 creatures vanquished.

Notes
Turn   | Place    | Note
--------------------------------------------------------------
     0 | D:1      | jacquesderrida the Demonspawn Skald began the quest for the Orb.
     0 | D:1      | Reached XP level 1. HP: 16/16 MP: 3/3
    17 | D:1      | Reached skill level 2 in Polearms
    84 | D:2      | Gained mutation: You are slightly more attuned to the shadows. [demonic ancestry]
    84 | D:2      | Reached XP level 2. HP: 19/22 MP: 5/5
    90 | D:2      | Found an oddly glowing altar of Pakellas.
   294 | D:3      | Noticed Jessica
   307 | D:3      | Killed Jessica
   307 | D:3      | Reached skill level 3 in Polearms
   307 | D:3      | Reached XP level 3. HP: 24/27 MP: 1/6
   355 | D:3      | Learned a level 3 spell: Regeneration
   473 | D:3      | Reached skill level 1 in Necromancy
   473 | D:3      | Gained mutation: You are significantly more attuned to the shadows. [demonic ancestry]
   473 | D:3      | Reached XP level 4. HP: 33/33 MP: 0/7
   646 | D:4      | Got a heavy robe
   657 | D:4      | Identified the +2 robe of Wirghulum {rPois rC- Str+4 Slay+3} (You found it on level 4 of the Dungeon)
   687 | D:4      | Reached skill level 4 in Polearms
   706 | D:4      | Reached XP level 5. HP: 32/38 MP: 8/8
   825 | D:4      | Noticed Blork the orc
   840 | D:4      | Learned a level 3 spell: Spectral Weapon
   970 | D:5      | Entered Level 5 of the Dungeon
   991 | D:5      | Noticed an ogre
  1017 | D:5      | Killed an ogre
  1017 | D:5      | Gained mutation: You have a somewhat thin skeletal structure (Dex +2, Stealth). [demonic ancestry]
  1017 | D:5      | Reached XP level 6. HP: 44/44 MP: 4/9
  1021 | D:5      | Reached skill level 5 in Polearms
  1357 | D:5      | Gained mutation: You are immune to rotting. [demonic ancestry]
  1357 | D:5      | Reached XP level 7. HP: 48/50 MP: 10/10
  1358 | D:5      | Quit the game

Skill      XL: |  1  2  3  4  5  6 |
---------------+-------------------+-----
Polearms       | 2 3 4 5 |  5.5
Necromancy     | 1 2 3 |  3.1
Charms         | 3 4 |  4.1
Fighting       | |  2.0
Armour         | |  0.8
Dodging        | |  0.8
Spellcasting   | |  2.0

Action                   |  1- 3 |  4- 6 |  7- 9 || total
-------------------------+-------+-------+-------++-------
Melee: Spear             |    74 |     3 |       ||    77
       Trident           |       |    89 |       ||    89
 Cast: Infusion          |     3 |       |       ||     3
       Regeneration      |       |     9 |       ||     9
  Use: Potion            |     1 |       |       ||     1
       Scroll            |       |    11 |       ||    11
 Stab: Sleeping          |     2 |     6 |       ||     8
  Eat: Chunk             |       |     3 |       ||     3
Armor: Leather armour    |    14 |       |       ||    14
       Robe              |       |    20 |       ||    20
Dodge: Dodged            |    44 |    48 |       ||    92
